Match 41984202
Unlisted

Match 41984202
End
Construct Barracks
Riflemen Squad
1⁄4-ton 4x4 Truck
M1 Mortar Team
M1 Mortar Team
Construct Medical Station
Construct Weapon Support Center
Grenade Package
Sniper
Bazooka Squad
Mechanized Support Center
Selects Heavy Weapons
Selects Assault Carriers
Selects Exchangeable Parts
Bazooka Squad
Improved M9 Bazooka Rockets
M1919 Machine Gun Team
Selects M2HB .50cal Heavy Machine Gun
Riflemen Squad
M1918 Browning Automatic Rifles
Bruistablet
Ghandalf (NL)
Yazan199911 Arg
[PnTh] Gérard De Rillettes
[PnTh] Marcel
[PnTh] Shoranir
0
0

Comments sign in to comment!

No comments posted yet!